 Dungeon Crawl Stone Soup version 0.27-a0-780-geb8d7bc690 (webtiles) character file.

Game seed: 10331842311640207549

186 ReteAZ the Magician (level 5, -2/39 HPs)
             Began as a Djinni Air Elementalist on Mar 26, 2021.
             Slain by Sigmund
             ... wielding a +0 scythe of venom
              (7 damage)
             ... on level 2 of the Dungeon.
             The game lasted 00:03:59 (3155 turns).

ReteAZ the Magician (Djinni Air Elementalist)       Turns: 3155, Time: 00:04:00

Health: -2/39      AC:  2    Str:  6 (7)  XL:     5   Next: 66%
Gold:   59         EV: 12    Int: 14 (17) God:
                   SH:  0    Dex: 12 (14)

rFire    + + .     SeeInvis .   j - +0 dagger (venom)
rCold    x . .     Faith    .   (no shield)
rNeg     . . .     Spirit   .   a - +0 robe
rPois    ∞         Reflect  .   (no helmet)
rElec    .         Harm     .   (no cloak)
rCorr    .         Rampage  .   (no gloves)
Will     .....                  (boots unavailable)
Stlth    +.........             (no amulet)
HPRegen  0.13/turn              (no ring)
MPRegen  0.00/turn              (no ring)

@: confused, flying
A: fire resistance 2, cold vulnerability 1, float, innate caster, hp casting,
extra vitality 1
a: no special abilities


You were on level 2 of the Dungeon.
You visited 1 branch of the dungeon, and saw 5 of its levels.

You collected 59 gold pieces.

Inventory:

Hand Weapons
 j - a +0 dagger of venom (weapon)
Armour
 a - a +0 robe (worn)
Jewellery
 i - a +6 ring of dexterity
Scrolls
 d - a scroll of identify {unknown}
 e - a scroll of teleportation {unknown}
 l - a scroll of holy word {unknown}
Potions
 c - a potion of heal wounds {unknown}
 f - a potion of lignification {unknown}
 g - a potion of curing {unknown}
 h - a potion of flight {unknown}
 k - a potion of berserk rage {unknown}


   Skills:
 + Level 2.7 Fighting
 - Level 2.1 Dodging
 - Level 1.5 Stealth
 * Level 4.5 Spellcasting


You couldn't memorise any spells.
You knew the following spells:

 Your Spells              Type           Power      Damage    Failure   Level
a - Shock                 Conj/Air       64%        1d7       2%          1
b - Swiftness             Air            16%        N/A       4%          2
c - Static Discharge      Conj/Air       16%        N/A       9%          3
d - Airstrike             Air            8%         N/A       28%         4
e - Lightning Bolt        Conj/Air       8%         1d20      61%         5
f - Pain                  Necr           64%        1d7       2%          1
g - Slow                  Hex            16%        N/A       4%          2
Your spell library was empty.

Dungeon Overview and Level Annotations

Branches:
Dungeon (5/15)
 Temple: D:4-7

Altars:
Ru
Sif Muna
Trog

Annotations:
D:2 Sigmund


Innate Abilities, Weirdness & Mutations

You are immune to poison.
Your flesh is very heat resistant. (rF++)
You are vulnerable to cold. (rC-)
You float through the air rather than walking.
You learn spells naturally, not from books.
Your magical power is your life essence.
You have superior vitality. (+4 HP)


Message History

Sigmund gestures at you while chanting. The magic dart hits you!
The zap hits Sigmund.
Sigmund is lightly wounded.
The zap hits Sigmund.
Sigmund is moderately wounded.
A hobgoblin comes into view.
The zap misses Sigmund.
The hobgoblin shouts!
The zap misses Sigmund.
Sigmund gestures at you while chanting.
You are confused.
Sigmund casts a spell at you. The magic dart hits you.
Sigmund casts a spell at himself.
Sigmund flickers and vanishes!
Deactivating autopickup; reactivate with Ctrl-A.
You bump into the rock wall.
You bump into the rock wall.
Something hits you.
You're too confused to cast spells.
Unknown command.
You feel less confused. The hobgoblin hits you.
* * * LOW HITPOINT WARNING * * *
You hear some strange, mumbled words.
You are confused.
You closely miss the hobgoblin. The hobgoblin hits you.
* * * LOW HITPOINT WARNING * * *
You hear some strange, mumbled words.
Something tries to affect you, but you resist.
You're too confused to cast spells.
Unknown command.
Unknown command.
It was a potion of degeneration.
There was something very wrong with that liquid.
You feel weakened.
You feel dopey.
You feel clumsy. The hobgoblin hits you.
* * * LOW HITPOINT WARNING * * *
Something hits you!
You die...

# #..... ######
...... #..>.. #
.#...# #.#### #.
..). #.# #.# #..#
#.# #.##..# #.#
#.#{.# #.# #.@g#
#.# ##..# #.#
#.#.##########.#
#.##............#
#.#
##############
... ... #.


You could see a hobgoblin.

Vanquished Creatures
  A centaur (D:3)
  A bullfrog skeleton (D:4)
  An adder (D:4)
  A white imp (D:4)
  An adder skeleton (D:4)
  A worm (D:1)
  2 dart slugs (D:1)
  5 orcs
  6 ball pythons
  2 bats (D:1)
  3 endoplasms (D:1)
  A giant cockroach (D:3)
  6 goblins
  3 hobgoblins
  3 jackals
  2 quokkas
  A frilled lizard (D:2)
  4 kobolds
  3 rats
47 creatures vanquished.

Vanquished Creatures (others)
  A wizard (D:4)
  A gnoll shaman (D:4)
  An adder (D:4)
  A worm (D:4)
  A goblin (D:4)
  A hobgoblin (D:4)
  A jackal (D:4)
  2 kobolds (D:4)
  2 ball pythons (D:4)
11 creatures vanquished.

Grand Total: 58 creatures vanquished

Notes
Turn   | Place    | Note
-------+----------+-------------------------------------------
     0 | D:1      | ReteAZ the Djinni Air Elementalist began the quest for the
                  | Orb.
     0 | D:1      | Reached XP level 1. HP: 15/15 MP: 0/0
   189 | D:1      | Reached skill level 3 in Spellcasting
   189 | D:1      | Reached XP level 2. HP: 19/22 MP: 0/0
   429 | D:1      | Reached skill level 1 in Fighting
   831 | D:1      | Reached XP level 3. HP: 22/27 MP: 0/0
   831 | D:1      | Learned a level 1 spell: Pain
  1452 | D:2      | You are sucked into a shaft and drop 2 floors!
  1501 | D:4      | Reached XP level 4. HP: 13/33 MP: 0/0
  1843 | D:4      | Found a sacrificial altar of Ru.
  1914 | D:5      | Entered Level 5 of the Dungeon
  2153 | D:5      | Noticed a phantom
  2159 | D:4      | Found a bloodstained altar of Trog.
  2162 | D:4      | Noticed a wizard
  2167 | D:4      | Killed a wizard
  2265 | D:4      | Reached skill level 4 in Spellcasting
  2705 | D:3      | Noticed a centaur
  2710 | D:3      | Killed a centaur
  2711 | D:3      | Reached XP level 5. HP: 3/39 MP: 0/0
  2711 | D:3      | Learned a level 2 spell: Slow
  3142 | D:2      | Noticed Sigmund
  3155 | D:2      | Slain by Sigmund

Illustrated notes

Levels and vault maps discovered:
D:1:      enne_arrival_octagon_isle, layout_loops_cross,
          chequers_decorated_corner, minmay_misc_feat_x, grunt_decor_arrowhead
D:2:      layout_loops_ring, minmay_3d_cube, uniq_sigmund
D:3:      layout_loops_cross, amethyst_overflow_temple_binary
D:4:      layout_cave_pods, xom_confusion_cloud, nicolae_overflow_hidden_temple,
          kennysheep_mini_moat, trog_wizard
D:5:      layout_loops_ring, zin_statuary, kennysheep_opposing_triangles

Skill      XL: |  1  2  3  4 |
---------------+-------------+-----
Spellcasting   | 3 4 |  4.5
Fighting       | 1 2 |  2.7
Dodging        | |  2.1
Stealth        | |  1.5

Action                   |  1- 3 |  4- 6 || total
-------------------------+-------+-------++-------
Melee: Dagger            |       |     1 ||     1
 Cast: Shock             |    69 |    58 ||   127
       Static Discharge  |       |     1 ||     1
  Use: Potion            |       |     1 ||     1
Armor: Robe              |     1 |       ||     1
Dodge: Dodged            |     6 |     3 ||     9

Table legend: (Time is in decaauts)
 A = Elapsed time spent in this place.
 B = Non-inter-level travel time spent in this place.
 C = Inter-level travel time spent in this place.
 D = Time resting spent in this place.
 E = Time spent auto-exploring this place.
 F = Levels seen in this place.
 G = Mean time per level.
                   A        B        C        D        E       F      G
               +--------+--------+--------+--------+--------+-----+--------+
         Total |   3155 |   3111 |     44 |    685 |   2073 |   5 |  631.0 |
       Dungeon |   3155 |   3111 |     44 |    685 |   2073 |   5 |  631.0 |
               +--------+--------+--------+--------+--------+-----+--------+

Top non-repeatable levels by time:
     D:1: 1325 daAuts
     D:4: 909 daAuts
     D:3: 510 daAuts
     D:5: 241 daAuts
     D:2: 167 daAuts
